 Dungeon Crawl Stone Soup version 0.25-a0-1119-g28b6fd0c3b (webtiles) character file.

Game seed: 2616073350126007242, levelgen mode: deterministic

133955 vurker the Brawler (level 16, 0/112 HPs)
             Began as a Troll Hunter on May 18, 2020.
             Was the Champion of Jiyva.
             Killed by vampiric draining
             ... invoked by a deep elf death mage
             ... led by an ironheart preserver
              (5 damage)
             ... on level 3 of the Vaults.
             The game lasted 01:00:33 (26454 turns).

vurker the Brawler (Troll Hunter)                  Turns: 26454, Time: 01:00:33

Health: 0/112      AC: 22    Str: 18    XL:     16   Next: 31%
Magic:  21/21      EV: 13    Int: 11    God:    Jiyva [******]
Gold:   2159       SH: 17    Dex: 17    Spells: 22/23 levels left

rFire    . . .     SeeInvis .     - Unarmed
rCold    . . .     Gourm    +   y - +1 kite shield {AC+3}
rNeg     . . .     Faith    .   D - +0 troll leather armour
rPois    +         Spirit   .   H - +0 hat
rElec    +         Reflect  +   l - +0 cloak
rCorr    +         Harm     .   (gloves unavailable)
MR       +....                  (boots unavailable)
Stlth    +.........             b - amulet of reflection
HPRegen  1.08/turn              a - +4 ring of protection
MPRegen  0.17/turn              B - +4 ring of protection

@: no status effects
A: large, unfitting armour, antennae 1, beak, claws 3, icy blue scales 1, fast
metabolism 3, [frail 3], gourmand, poison resistance, regeneration 1, shaggy fur
1, electricity resistance, tough skin 3, wild magic 1, acidic bite, gelatinous
body 1, pseudopods 2, tendrils
}: 1/15 runes: slimy
a: Request Jelly, Slimify, Cure Bad Mutation, Renounce Religion


You were on level 3 of the Vaults.
You worshipped Jiyva.
Jiyva was exalted by your worship.
You were not hungry.

You visited 5 branches of the dungeon, and saw 30 of its levels.
You visited the Abyss 1 time.
You also visited: Ice Cave.

You collected 2159 gold pieces.

Inventory:

Missiles
 c - 23 large rocks (quivered)
 m - 50 poisoned darts
 I - 21 boomerangs
 J - 3 throwing nets
 R - 15 atropa-tipped darts
 T - 4 silver boomerangs
Armour
 l - a +0 cloak (worn)
   (You took it off Maurice on level 9 of the Dungeon)
 y - a +1 kite shield of protection (worn)
   (You took it off a tengu warrior on level 15 of the Dungeon)
 D - a +0 troll leather armour (worn)
   (You found it on level 10 of the Dungeon)
 H - a +0 hat (worn)
   (You found it on level 11 of the Dungeon)
Jewellery
 a - a +4 ring of protection (left claw)
   (You found it on level 11 of the Dungeon)
 b - an amulet of reflection (around neck)
   (You found it on level 4 of the Lair of Beasts)
 s - an uncursed ring of see invisible
   (You found it on level 2 of the Vaults)
 B - a +4 ring of protection (right claw)
   (You took it off a centaur on level 2 of the Lair of Beasts)
 F - the ring "Azusuoc" {+Fly rElec rF+ MR- Str+3}
   (You found it on level 5 of the Pits of Slime)

   [ring of flight]

   It affects your strength (+3).
   It protects you from fire.
   It insulates you from electricity.
   It affects your resistance to hostile enchantments.
   It lets you fly.
 O - an uncursed ring of fire
   (You found it on level 11 of the Dungeon)
 P - an uncursed ring of protection from cold
   (You found it in an ice cave)
 W - an uncursed ring of protection from cold
   (You found it in an ice cave)
Wands
 d - a wand of iceblast (20)
   (You took it off an orc on level 7 of the Dungeon)
 r - a wand of polymorph (16)
   (You took it off Maurice on level 9 of the Dungeon)
 t - a wand of flame (22)
   (You took it off Duvessa on level 4 of the Dungeon)
 u - a wand of paralysis (20)
   (You found it on level 11 of the Dungeon)
 v - a wand of digging (15)
   (You found it on level 4 of the Dungeon)
 x - a wand of acid (4)
   (You found it on level 4 of the Lair of Beasts)
Scrolls
 h - 7 scrolls of remove curse
 i - 4 scrolls of enchant armour
 q - 2 scrolls of fear
 w - 2 scrolls of teleportation
 z - 4 scrolls of fog
 C - 2 scrolls of silence
 M - a scroll of immolation
 N - 2 scrolls of blinking
 Q - 4 scrolls of magic mapping
 V - 4 scrolls of identify
Potions
 g - 3 potions of haste
 j - 4 potions of flight
 k - a potion of cancellation
 n - a potion of ambrosia
 o - 7 potions of heal wounds
 p - 3 potions of invisibility
 E - 2 potions of might
 G - a potion of resistance
 L - 4 potions of lignification
 U - 6 potions of curing
Miscellaneous
 f - a box of beasts
 X - a phial of floods
   (You found it in an ice cave)
Comestibles
 e - 50 rations


   Skills:
 + Level 10.6 Fighting
 * Level 12.0 Throwing
 + Level 6.9 Armour
 - Level 5.0 Dodging
 - Level 0.3 Stealth
 + Level 8.6 Shields
 * Level 16.4 Unarmed Combat
 - Level 4.0 Spellcasting
 - Level 6.0 Translocations


You had 22 spell levels left.
You knew the following spells:

 Your Spells              Type           Power        Failure   Level  Hunger
z - Apportation           Tloc           ###...       4%          1    #......

Your spell library contained the following spells:

 Spells                   Type           Power        Failure   Level  Hunger
 Blink                    Tloc           N/A          6%          2    ##.....
 Shroud of Golubria       Chrm/Tloc      ##....       19%         2    ##.....
 Animate Skeleton         Necr           N/A          38%         1    #......
 Corona                   Hex            #......      38%         1    #......
 Foxfire                  Conj/Fire      #...         38%         1    #......
 Freeze                   Ice            #...         38%         1    #......
 Infusion                 Chrm           #...         38%         1    #......
 Magic Dart               Conj           #...         38%         1    #......
 Pain                     Necr           #...         38%         1    #......
 Summon Small Mammal      Summ           #...         38%         1    #......
 Call Imp                 Summ           #.......     50%         2    ##.....
 Ensorcelled Hibernation  Hex/Ice        #.....       50%         2    ##.....
 Searing Ray              Conj           #.....       50%         2    ##.....
 Slow                     Hex            #.......     50%         2    ##.....
 Song of Slaying          Chrm           #.......     50%         2    ##.....
 Sticks to Snakes         Tmut           #.......     50%         2    ##.....
 Sublimation of Blood     Necr           #.........   50%         2    ##.....
 Call Canine Familiar     Summ           #.......     73%         3    ###....
 Conjure Flame            Conj/Fire      #.......     73%         3    ###....
 Dazzling Flash           Conj/Hex       #.....       73%         3    ###....
 Frozen Ramparts          Ice            #.....       73%         3    ###....
 Ignite Poison            Fire/Tmut/Pois #.......     73%         3    ###....
 Inner Flame              Hex/Fire       #.......     73%         3    ###....
 Mephitic Cloud           Conj/Pois/Air  #.......     73%         3    ###....
 Ozocubu's Armour         Chrm/Ice       #.......     73%         3    ###....
 Spectral Weapon          Hex/Chrm       #.......     73%         3    ###....
 Static Discharge         Conj/Air       #.......     73%         3    ###....
 Summon Guardian Golem    Hex/Summ       #.......     73%         3    ###....
 Vampiric Draining        Necr           #.........   73%         3    ###....
 Iskenderun's Mystic Bla  Conj/Tloc      ##......     73%         4    #####..
 Animate Dead             Necr           N/A          98%         4    #####..
 Cause Fear               Hex            #.........   98%         4    #####..
 Fulminant Prism          Conj/Hex       #.........   98%         4    #####..
 Hailstorm                Conj/Ice       #.......     98%         4    #####..
 Ice Form                 Ice/Tmut       #.......     98%         4    #####..
 Leda's Liquefaction      Hex/Erth       #.........   98%         4    #####..
 Sticky Flame             Conj/Fire      #.......     98%         4    #####..
 Summon Ice Beast         Ice/Summ       #.......     98%         4    #####..
 Summon Lightning Spire   Summ/Air       #.......     98%         4    #####..
 Agony                    Necr           #.......     100%        5    ######.
 Aura of Abjuration       Summ           #.........   100%        5    ######.
 Blade Hands              Tmut           #.........   100%        5    ######.
 Bolt of Magma            Conj/Fire/Erth #.........   100%        5    ######.
 Borgnjor's Vile Clutch   Necr/Erth      #.........   100%        5    ######.
 Fireball                 Conj/Fire      #.........   100%        5    ######.
 Lightning Bolt           Conj/Air       #.........   100%        5    ######.
 Metabolic Englaciation   Hex/Ice        #.........   100%        5    ######.
 Silence                  Hex/Air        #.........   100%        5    ######.
 Darkness                 Hex            #.........   100%        6    #######
 Death Channel            Necr           #.........   100%        6    #######
 Freezing Cloud           Conj/Ice/Air   #.........   100%        6    #######
 Hydra Form               Tmut           #.........   100%        6    #######
 Iron Shot                Conj/Erth      #.........   100%        6    #######
 Ozocubu's Refrigeration  Ice            #.........   100%        6    #######
 Shadow Creatures         Summ           N/A          100%        6    #######
 Simulacrum               Ice/Necr       #.........   100%        6    #######
 Statue Form              Tmut/Erth      #........    100%        6    #######
 Ignition                 Fire           #.........   100%        8    #######
 Shatter                  Erth           #.........   100%        9    #######
 Tornado                  Air            #.........   100%        9    #######


Dungeon Overview and Level Annotations

Branches:
Dungeon (15/15)            Temple (1/1) D:5            Lair (6/6) D:10
 Shoals (0/4) Lair:2       Spider (0/4) Lair:3        Slime (5/5) Lair:6
    Orc (0/2) D:10         Vaults (3/5) D:14          Crypt (0/3) Vaults:2
 Depths (0/5) D:15          IceCv (visited)

Altars:
Ashenzari
Cheibriados
Dithmenos
Elyvilon
Fedhas
Gozag
Hepliaklqana
Kikubaaqudgha
Makhleb
Nemelex Xobeh
Okawaru
Qazlal
Ru
Sif Muna
Trog
Uskayaw
Vehumet
Wu Jian
Xom
Yredelemnul
Zin
The Shining One
Jiyva

Shops:
D:7 :   D:10 (

Annotations:
Lair:1 3 runed translucent doors, kae's ghost, journeyman MfIE
Lair:4 exclusion: 2 oklob plants
Slime:5 Royal Jelly


Innate Abilities, Weirdness & Mutations

You are too large for most types of armour.
You have claws for hands.
Your metabolism is lightning-fast.
You like to eat raw meat.
Your natural rate of healing is unusually fast.
You are covered in fur. (AC +1)
You have extremely tough skin. (AC +3)
You have a pair of small antennae on your head.
You have a beak for a mouth.
You are partially covered in icy blue scales. (AC +2)
Your system is resistant to poisons. (rPois)
You are resistant to electric shocks. (rElec)
Your spells are a little harder to cast, but a little more powerful.
You have acidic saliva.
Your rubbery body absorbs attacks. (AC +1, EV +1)
Armour fits poorly on your large pseudopods.
You are covered in slimy tendrils that may disarm your opponents.
[You are extremely frail. (-30% HP)]


Message History

You throw a javelin.
The javelin pierces through the deep elf death mage!!
The javelin pierces through the vault warden!
The javelin completely misses the Brimstone Fiend.
The purple ugly thing stings you but does no damage.
The purple ugly thing pecks you but does no damage.
You block the yaktaur's attack.
Jiyva's power touches on your attributes.
You feel agile.
You feel stupid.
You hear a distant slurping noise.
Jiyva appreciates your sacrifice.
You feel a little less hungry.
You feel better.
Throwing (i - inventory. (/) - cycle)
A - a javelin (quivered)
Aim: a deep elf demonologist, wielding a +4 short sword of speed and wearing a +0 chain mail (moderately wounded)
You throw a javelin.
The javelin barely misses the deep elf death mage.
The javelin pierces through the hellion.
The javelin barely misses the deep elf demonologist.
The purple ugly thing basks in the mutagenic energy from its kin and changes! x2
The Brimstone Fiend calls on the powers of darkness!
The deep elf mage convulses!
The yaktaur convulses!
The deep elf death mage convulses!
The deep elf demonologist convulses!
Your body is wracked with pain!
* * * LOW HITPOINT WARNING * * *
Something is bathed in an unholy light!
The white ugly thing convulses!
The deep elf archer convulses!
The purple ugly thing convulses!
The yaktaur convulses! x2; The brown ugly thing convulses!
The purple ugly thing barely misses you.
The deep elf death mage is infused with unholy energy.
* * * LOW HITPOINT WARNING * * *
The deep elf death mage draws life force from you and is healed!
The deep elf demonologist mumbles some strange words.
Throwing (i - inventory. (/) - cycle)
c - 25 large rocks (quivered)
Aim: a deep elf demonologist, wielding a +4 short sword of speed and wearing a +0 chain mail (severely wounded)
You throw a large rock.
The large rock hits the deep elf death mage!
You block the yaktaur's attack.
The purple ugly thing basks in the mutagenic energy from its kin and changes!
The deep elf mage casts a spell.
The deep elf mage blinks!
You block the deep elf death mage's attack.
The yaktaur misses you.
Throwing (i - inventory. (/) - cycle)
c - 24 large rocks (quivered)
Aim: a deep elf demonologist, wielding a +4 short sword of speed and wearing a +0 chain mail (severely wounded)
You throw a large rock.
The large rock closely misses the deep elf death mage.
The large rock hits the vault warden but does no damage.
The deep elf death mage is infused with unholy energy.
You die...

##### #+#
#.... ...#
#.... ...#
....###.>..
..#(#.e
##e4.##
#2p1{$#
#.###e4c##
#.cu@#p#..e.+
#.ccu###.<..#
#..uu# ...#
#..... u..#
###### ### ..
.. ...


You could see a Brimstone Fiend (summoned), a vault warden, a deep elf death
mage, 4 ugly things, a deep elf demonologist, an orange demon (summoned), a deep
elf archer (repels missiles), 4 yaktaurs and a chaos spawn (summoned).

Vanquished Creatures
  Saint Roka (Vaults:2)
  Nikola (Vaults:2)
  2 tentacled starspawn (Abyss:3)
  A sphinx (Vaults:1)
  A frost giant (IceCv)
  3 ironheart preservers
  A very ugly thing (Vaults:2)
  A dire elephant (Lair:5)
  A fire dragon (Vaults:2)
  A deep elf death mage (Vaults:1)
  Erolcha (D:8)
  2 yaktaur captains
  A hydra (D:14)
  8 vault guards
  An anaconda (Lair:6)
  Erica (D:10)
  6 centaur warriors
  3 death yaks (D:10)
  A death knight (Vaults:2)
  2 ogre magi
  11 two-headed ogres
  A tengu warrior (D:15)
  3 hell hogs (Abyss:3)
  A deep elf knight (Vaults:1)
  A thrashing horror (Abyss:3)
  A shadow wraith (Vaults:2)
  A wretched star (Abyss:4)
  A skeletal warrior (Vaults:2)
  4 unseen horrors
  2 wizards
  A deep elf archer (Vaults:1)
  2 harpies (Vaults:1)
  5 ironbrand convokers
  3 orc knights
  2 phantasmal warriors (Vaults:2)
  13 ugly things
  A wolf spider (Vaults:2)
  2 deep elf magi
  8 cyclopes
  A worldbinder (Abyss:3)
  A manticore (D:15)
  3 black mambas
  4 elephants (Lair:5)
  Maurice (D:9)
  A torpor snail (Lair:6)
  An ice statue (IceCv)
  A centaur skeleton (D:12)
  A smoke demon (Abyss:3)
  7 spiny frogs
  A vault sentinel (Vaults:2)
  A hellion (Abyss:3)
  2 gargoyles
  An emperor scorpion zombie (Abyss:3)
  4 rime drakes
  3 komodo dragons
  Maggie (D:7)
  An efreet (D:14)
  A freezing wraith (Vaults:2)
  A redback zombie (D:15)
  7 yaktaurs
  A komodo dragon (shapeshifter) (Vaults:1)
  3 meliai (Lair:4)
  A merfolk (D:11)
  17 polar bears
  11 hornets
  A queen bee (Lair:4)
  Grinder (D:5)
  A wolf spider simulacrum (D:15)
  6 trolls
  2 dream sheep (Lair:6)
  9 blink frogs
  7 hippogriffs
  A meliai zombie (D:15)
  Sigmund (D:3)
  3 shadows (D:12)
  2 vampires (D:12)
  3 redbacks
  59 yaks
  15 spriggans (Lair:6)
  3 wyverns
  3 wraiths
  3 hogs (D:15)
  4 basilisks
  A chaos spawn (Abyss:3)
  A hungry ghost (D:8)
  2 small abominations (Abyss:3)
  2 vampire mosquitoes
  A warg (D:15)
  8 water moccasins
  2 acid dragons
  Duvessa (D:4)
  7 porcupines
  12 orc warriors
  5 ice beasts
  3 sky beasts
  4 black bears
  2 necrophages
  An eye of draining (D:8)
  5 phantoms
  11 ogres
  4 boggarts (Lair:6)
  36 wolves
  5 crocodiles
  A centaur (shapeshifter) (D:12)
  13 centaurs
  3 big kobolds
  21 bullfrogs
  Dowan (D:4)
  A water moccasin zombie (D:8)
  33 killer bees
  7 scorpions
  9 wights
  5 howler monkeys
  5 electric eels
  4 crimson imps
  A bullfrog zombie (D:11)
  3 centaur zombies
  A quasit (Abyss:3)
  8 hounds
  9 orc priests
  4 bullfrog skeletons
  Jessica (D:2)
  A hell rat (D:10)
  2 iguanas
  20 orc wizards
  11 worker ants
  3 hound skeletons
  2 worker ant zombies
  11 gnolls
  22 adders
  A howler monkey skeleton (D:9)
  5 shadow imps
  An ooze (D:1)
  2 adder skeletons
  2 worms
  5 dart slugs
  6 leopard geckos
  56 orcs
  A ball python (D:3)
  13 bats
  4 giant cockroaches
  8 goblins
  11 hobgoblins
  11 jackals
  2 quokkas
  6 frilled lizards
  25 kobolds
  A quokka zombie (D:5)
  7 rats
  3 starspawn tentacles (Abyss:3)
788 creatures vanquished.

Vanquished Creatures (others)
  An acid blob (Vaults:2)
  A vault warden (Vaults:2)
  A yaktaur captain (Vaults:2)
  A hell hog (Abyss:3)
  3 large abominations (Abyss:4)
  A glowing orange brain (Abyss:4)
  An unseen horror (Vaults:1)
  A deep elf mage (D:12)
  A harpy (Vaults:1)
  A manticore (D:12)
  12 slime creatures
  A hippogriff (D:14)
  A flying skull (Vaults:2)
  A hungry ghost (D:15)
  3 hogs (D:15)
  4 golden eyes (Abyss:4)
  A vampire mosquito (D:13)
  2 small abominations (Abyss:4)
  4 orc warriors
  A black bear (Lair:6)
  2 eyes of draining (Abyss:3)
  A wolf (IceCv)
  A big kobold (D:13)
  2 bullfrogs
  A crimson imp (D:15)
  73 jellies
  3 orc priests
  2 orc wizards
  A worker ant (D:12)
  8 orcs
  2 kobolds (D:13)
  A quokka (D:7)
  6 fungi (Lair:6)
  A macabre mass (Abyss:4)
  11 plants
  4 starspawn tentacles (Abyss:3)
161 creatures vanquished.

Grand Total: 949 creatures vanquished

Notes
Turn   | Place    | Note
-------+----------+-------------------------------------------
     0 | D:1      | vurker the Troll Hunter began the quest for the Orb.
     0 | D:1      | Reached XP level 1. HP: 19/19 MP: 0/0
    98 | D:1      | Reached skill level 1 in Unarmed Combat
    98 | D:1      | Reached XP level 2. HP: 24/28 MP: 1/1
   591 | D:1      | Reached XP level 3. HP: 34/35 MP: 2/2
   759 | D:2      | Reached skill level 2 in Unarmed Combat
   862 | D:2      | Noticed a phantom
   885 | D:2      | Killed a phantom
   885 | D:2      | Reached skill level 3 in Unarmed Combat
   885 | D:2      | Reached XP level 4. HP: 27/44 MP: 3/3
   917 | D:2      | Found a bloodstained altar of Trog.
   928 | D:2      | Reached XP level 5. HP: 50/50 MP: 4/4
   936 | D:2      | Noticed Jessica
   946 | D:2      | Killed Jessica
  1438 | D:3      | Reached skill level 4 in Unarmed Combat
  1524 | D:3      | Reached XP level 6. HP: 38/59 MP: 5/5
  2330 | D:4      | Noticed Sigmund
  2343 | D:3      | Killed Sigmund
  2343 | D:3      | Reached skill level 5 in Unarmed Combat
  2343 | D:3      | Reached XP level 7. HP: 54/67 MP: 6/6
  2391 | D:4      | Reached skill level 5 in Throwing
  2620 | D:4      | Got a jewelled short sword
  2623 | D:4      | Identified the +6 short sword "Heraah" {freeze, +Fly rC+++}
                  | (You found it on level 4 of the Dungeon)
  2648 | D:4      | Noticed Duvessa
  2648 | D:4      | Noticed Dowan
  2825 | D:4      | Reached skill level 6 in Unarmed Combat
  3033 | D:4      | Killed Duvessa
  3033 | D:4      | Reached XP level 8. HP: 78/78 MP: 7/7
  3042 | D:4      | Killed Dowan
  3286 | D:5      | Entered Level 5 of the Dungeon
  3458 | D:5      | Found an opulent altar of Gozag.
  3511 | D:5      | Noticed Grinder
  3526 | D:5      | Paralysed by Grinder for 5 turns
  3535 | D:5      | Paralysed by Grinder for 4 turns
  3551 | D:5      | Killed Grinder
  3551 | D:5      | Reached skill level 7 in Unarmed Combat
  3613 | D:5      | Got a brightly glowing robe
  3624 | D:5      | Identified the +1 robe "Enirrag" {Dex+3} (You found it on
                  | level 5 of the Dungeon)
  3738 | D:5      | Found a staircase to the Ecumenical Temple.
  3789 | D:5      | Found a radiant altar of Vehumet.
  4091 | Temple   | Entered the Ecumenical Temple
  4432 | D:6      | Reached skill level 8 in Unarmed Combat
  4557 | D:6      | Reached skill level 5 in Fighting
  4669 | D:6      | Reached XP level 9. HP: 88/88 MP: 8/8
  4870 | D:7      | Noticed Maggie
  4908 | D:7      | Killed Maggie
  4968 | D:7      | Reached skill level 9 in Unarmed Combat
  5261 | D:7      | Found Elaca's Book Shop.
  5321 | D:7      | Found a white marble altar of Elyvilon.
  5963 | D:7      | Found a hazy altar of Hepliaklqana.
  6170 | D:7      | Found a snail-covered altar of Cheibriados.
  6170 | D:7      | Found a shimmering altar of Xom.
  6171 | D:7      | Found a glowing silver altar of Zin.
  6243 | D:7      | Found a burning altar of Makhleb.
  6415 | D:8      | Found an iron altar of Okawaru.
  6479 | D:8      | Reached skill level 10 in Unarmed Combat
  6805 | D:8      | Reached XP level 10. HP: 95/95 MP: 9/9
  6936 | D:8      | Reached skill level 1 in Shields
  7676 | D:8      | Found a shimmering blue altar of Sif Muna.
  7694 | D:9      | Noticed Maurice
  7937 | D:9      | Killed Maurice
  8114 | D:9      | Got an ichor-stained rapier
  8115 | D:9      | Identified the cursed +2 rapier of Wariness {freeze, rPois
                  | rF+ Dex+4} (You found it on level 9 of the Dungeon)
  8151 | D:9      | Noticed Erolcha
  8170 | D:8      | Killed Erolcha
  8170 | D:8      | Reached skill level 11 in Unarmed Combat
  8298 | D:9      | Found a blossoming altar of Fedhas.
  8660 | D:10     | Entered Level 10 of the Dungeon
  8826 | D:10     | Noticed Erica
  8837 | D:10     | Killed Erica
  8891 | D:10     | Noticed an orc knight
  8897 | D:10     | Reached XP level 11. HP: 88/106 MP: 10/10
  8939 | D:10     | Killed an orc knight
  9126 | D:10     | Found a staircase to the Orcish Mines.
  9278 | D:10     | Found a staircase to the Lair.
  9279 | D:10     | Noticed a death yak
  9280 | D:10     | Noticed a death yak
  9280 | D:10     | Noticed a death yak
  9540 | D:10     | Killed a death yak
  9547 | D:10     | Killed a death yak
  9547 | D:10     | Reached skill level 12 in Unarmed Combat
  9552 | D:10     | Killed a death yak
  9607 | D:10     | Found Qyaluggu's Antique Weapon Shoppe.
 10484 | D:11     | Noticed a white ugly thing
 10498 | D:11     | Killed a white ugly thing
 10578 | D:11     | Got a transparent whip
 10676 | D:11     | Noticed a white ugly thing
 10685 | D:11     | Killed a white ugly thing
 11159 | Lair:1   | Entered Level 1 of the Lair of Beasts
 11288 | Lair:1   | Noticed a minotaur
 11288 | Lair:1   | Noticed kae's ghost (journeyman MfIE)
 11416 | Lair:1   | Found a runed translucent gate.
 11416 | Lair:1   | Found a runed translucent gate.
 11416 | Lair:1   | Found a runed translucent gate.
 11935 | Lair:1   | Reached XP level 12. HP: 116/116 MP: 11/11
 12098 | Lair:1   | Reached skill level 5 in Shields
 12278 | Lair:2   | Found a staircase to the Shoals.
 12321 | Lair:2   | Reached skill level 1 in Armour
 12331 | Lair:2   | Reached skill level 13 in Unarmed Combat
 12964 | Lair:3   | Found a hole to the Spider Nest.
 13572 | Lair:3   | Learned a level 1 spell: Apportation
 14177 | Lair:4   | Reached skill level 1 in Translocations
 14498 | Lair:4   | Reached skill level 1 in Spellcasting
 15648 | Lair:5   | Reached XP level 13. HP: 90/125 MP: 14/14
 15671 | Lair:5   | Reached skill level 10 in Throwing
 16317 | Lair:6   | Entered Level 6 of the Lair of Beasts
 16335 | Lair:6   | Found a viscous altar of Jiyva.
 16335 | Lair:6   | Found a staircase to the Slime Pits.
 16353 | Lair:6   | Became a worshipper of Jiyva Jousun the Shapeless
 16371 | Lair:6   | Noticed a dire elephant
 16380 | Lair:6   | HP: 4/125 [anaconda (3)]
 16685 | Lair:5   | Killed a dire elephant
 17111 | Lair:6   | Reached skill level 14 in Unarmed Combat
 17500 | Lair:6   | Paralysed by a hornet for 2 turns
 17626 | Lair:6   | Reached * piety under Jiyva
 17629 | Lair:6   | Identified the +4 falchion of Ropsonuz {vorpal, rElec rN+
                  | Dex+7}
 17736 | Lair:6   | Reached ** piety under Jiyva
 18017 | Lair:5   | Reached *** piety under Jiyva
 18042 | Slime:1  | Entered Level 1 of the Pits of Slime
 18042 | Slime:1  | Noticed an azure jelly
 18044 | Slime:1  | Noticed an azure jelly
 18048 | Slime:2  | Noticed an acid blob
 18048 | Slime:2  | Noticed an acid blob
 18057 | Slime:4  | Noticed an acid blob
 18064 | Slime:5  | Entered Level 5 of the Pits of Slime
 18064 | Slime:5  | Noticed an acid blob
 18064 | Slime:5  | Noticed an acid blob
 18068 | Slime:5  | Noticed an acid blob
 18070 | Slime:5  | Noticed an acid blob
 18075 | Slime:5  | Noticed the Royal Jelly
 18075 | Slime:5  | Noticed an acid blob
 18076 | Slime:5  | Found a viscous altar of Jiyva.
 18076 | Slime:5  | Noticed an acid blob
 18076 | Slime:5  | Noticed an azure jelly
 18076 | Slime:5  | Noticed an acid blob
 18077 | Slime:5  | Noticed an acid blob
 18087 | Slime:5  | Noticed an acid blob
 18089 | Slime:5  | Noticed an azure jelly
 18527 | D:12     | Got a smoking trident
 18530 | D:12     | Reached **** piety under Jiyva
 18530 | D:12     | Gained mutation: Your translucent skin slightly reduces
                  | your foes' accuracy. (Stealth) [Jiyva's grace]
 18551 | D:12     | Got a scorched battleaxe
 18577 | D:12     | Reached XP level 14. HP: 103/140 MP: 15/17
 18604 | D:12     | Gained mutation: You have a small jelly attached to you
                  | that may absorb incoming projectiles. [Jiyva's grace]
 18609 | D:12     | Reached ***** piety under Jiyva
 18613 | D:12     | Gained mutation: You expend magic power (3 MP) to
                  | strengthen your wands. [Jiyva's grace]
 18632 | D:12     | Identified the Volume of Unholy Shape Shifting
 18637 | D:12     | Identified the Compendium of Summoning and Darkness
 18661 | D:12     | Noticed Rupert
 18690 | D:12     | Slimified Rupert
 18690 | D:12     | Noticed Rupert
 18690 | D:12     | Rupert changed into Rupert the acid blob
 18830 | D:12     | Lost mutation: You expend magic power (3 MP) to strengthen
                  | your wands. [Jiyva's grace]
 19458 | D:13     | Lost mutation: Your translucent skin slightly reduces your
                  | foes' accuracy. (Stealth) [Jiyva's grace]
 19503 | D:13     | Reached ****** piety under Jiyva
 19560 | D:13     | Gained mutation: You are partially covered in icy blue
                  | scales. (AC +2) [Jiyva's grace]
 19587 | D:13     | Reached skill level 5 in Translocations
 20089 | D:14     | Noticed an azure jelly
 20089 | D:14     | an iron troll changed into an azure jelly
 20111 | D:14     | Found a gate to the Vaults.
 20360 | D:14     | Found a shimmering altar of Xom.
 20391 | D:14     | Gained mutation: You are resistant to electric shocks.
                  | (rElec) [Jiyva's grace]
 20411 | D:14     | You fall into a shaft and drop 1 floor!
 20411 | D:15     | Entered Level 15 of the Dungeon
 20490 | D:15     | Found a frozen archway.
 20502 | IceCv    | Entered an ice cave
 20513 | IceCv    | Reached skill level 5 in Dodging
 20599 | IceCv    | Gained mutation: You have supernaturally acute eyesight.
                  | (SInv) [Jiyva's grace]
 20910 | IceCv    | Gained mutation: You have acidic saliva. [Jiyva's grace]
 20943 | IceCv    | Noticed a frost giant
 20965 | IceCv    | Killed a frost giant
 20965 | IceCv    | Reached skill level 5 in Armour
 20965 | IceCv    | Reached skill level 15 in Unarmed Combat
 21360 | D:15     | Noticed Kirke
 21374 | D:15     | Slimified Kirke
 21374 | D:15     | Noticed Kirke
 21374 | D:15     | Kirke changed into Kirke the acid blob
 21466 | D:15     | Gained mutation: Armour fits poorly on your pseudopods.
                  | [Jiyva's grace]
 21497 | D:15     | Paralysed by a wizard for 3 turns
 21653 | D:15     | Reached XP level 15. HP: 81/149 MP: 20/20
 21654 | D:15     | Gained mutation: You have large cloven feet. [Jiyva's
                  | grace]
 22036 | D:15     | Paralysed by a hornet for 2 turns
 22096 | D:15     | Gained mutation: Armour fits poorly on your large
                  | pseudopods. [Jiyva's grace]
 22376 | D:15     | Found a staircase to the Depths.
 22648 | Slime:1  | Noticed an azure jelly
 22673 | Slime:5  | Gained mutation: You are covered in slimy tendrils that may
                  | disarm your opponents. [Jiyva's grace]
 22676 | Slime:5  | Gained mutation: Your spells are a little harder to cast,
                  | but a little more powerful. [Jiyva's grace]
 22681 | Slime:5  | Lost mutation: You have a small jelly attached to you that
                  | may absorb incoming projectiles. [Jiyva's grace]
 22688 | Slime:5  | Gained mutation: You are surrounded by a mild repulsion
                  | field. (EV +2) [Jiyva's grace]
 22689 | Slime:5  | Got a faintly glowing ivory ring
 22689 | Slime:5  | Got a pitted turquoise ring
 22690 | Slime:5  | Noticed an acid blob
 22701 | Slime:5  | Identified the Disquisition on the Ensnaring Glacier
 22711 | Slime:5  | Got a slimy rune of Zot
 22720 | Slime:5  | Identified the Compendium of the Blaze and Stolen Souls
 22957 | Slime:5  | Identified the ring "Acwerhuo" {Wiz Dex+2} (You found it on
                  | level 5 of the Pits of Slime)
 22958 | Slime:5  | Identified the ring "Azusuoc" {+Fly rElec rF+ MR- Str+3}
                  | (You found it on level 5 of the Pits of Slime)
 23060 | Lair:5   | Lost mutation: You have supernaturally acute eyesight.
                  | (SInv) [Jiyva's grace]
 23192 | Vaults:1 | Entered Level 1 of the Vaults
 23210 | Vaults:1 | Reached skill level 10 in Fighting
 23570 | Vaults:1 | Gained mutation: Your rubbery body absorbs attacks. (AC +1,
                  | EV +1) [Jiyva's grace]
 23786 | Vaults:1 | Noticed a sphinx
 23796 | Vaults:1 | Killed a sphinx
 24426 | Vaults:2 | Noticed Nikola
 24434 | Vaults:2 | Killed Nikola
 24513 | Vaults:2 | Noticed a fire giant
 24515 | Vaults:2 | Noticed a vault warden
 24517 | Vaults:2 | Noticed Saint Roka
 24733 | Vaults:2 | Found a staircase to the Crypt.
 24753 | Vaults:2 | Noticed a revenant
 24761 | Vaults:2 | Slimified a fire giant
 24761 | Vaults:2 | Noticed an acid blob
 24761 | Vaults:2 | a fire giant changed into an acid blob
 24766 | Vaults:2 | Killed an acid blob
 24774 | Vaults:2 | Gained mutation: Your system is resistant to poisons.
                  | (rPois) [Jiyva's grace]
 24794 | Vaults:2 | Slimified a revenant
 24794 | Vaults:2 | a revenant changed into a death ooze
 24795 | Vaults:2 | Killed a vault warden
 24800 | Vaults:2 | Lost mutation: Armour fits poorly on your large pseudopods.
                  | [Jiyva's grace]
 24887 | Vaults:2 | Gained mutation: You have a pair of small antennae on your
                  | head. [Jiyva's grace]
 24936 | Vaults:2 | Killed Saint Roka
 24954 | Vaults:2 | Gained mutation: You have a beak for a mouth. [Jiyva's
                  | grace]
 25048 | Vaults:2 | Reached skill level 16 in Unarmed Combat
 25054 | Vaults:2 | Lost mutation: You have large cloven feet. [Jiyva's grace]
 25413 | Vaults:2 | Gained mutation: Armour fits poorly on your large
                  | pseudopods. [Jiyva's grace]
 25511 | Vaults:2 | Lost mutation: You are surrounded by a mild repulsion
                  | field. (EV +2) [Jiyva's grace]
 25531 | Vaults:2 | Reached XP level 16. HP: 159/159 MP: 21/21
 26128 | Vaults:3 | Cast into level 3 of the Abyss (a deep elf demonologist)
 26342 | Abyss:3  | Noticed a tentacled starspawn
 26351 | Abyss:3  | Killed a tentacled starspawn
 26362 | Abyss:3  | Noticed a tentacled starspawn
 26379 | Abyss:3  | Killed a tentacled starspawn
 26434 | Vaults:3 | Escaped the Abyss
 26448 | Vaults:3 | Noticed a Brimstone Fiend
 26452 | Vaults:3 | HP: 2/112 [deep elf death mage/vampiric draining[an
                  | ironheart preserver] (25)]
 26454 | Vaults:3 | Killed from afar by a deep elf death mage

Illustrated notes

Levels and vault maps discovered:
D:1:      dpeg_arrival_tiny_j, layout_loops_ring, supply_closet_lemuel
D:2:      layout_rooms, old_standard_altar, uniq_jessica
D:3:      layout_loops_ring, first_ration
D:4:      minmay_angry_zag, layout_cave_pools, uniq_sigmund, uniq_duvessa,
          uniq_crazy_yiuf_cottage
D:5:      layout_cave_pods, nicolae_gozag_seed_capital,
          lemuel_coloured_pillars_altar, minmay_temple_entry_ruins,
          serial_column_ruins, column_ruins_hut_ruined, column_ruins_hut_ruined,
          column_ruins_grid_4, column_ruins_open_small, column_ruins_open_large,
          column_ruins_open_tiny, column_ruins_open_small, uniq_grinder
D:6:      layout_basic, serial_corexii_hall, corexii_hall_statues_l,
          corexii_hall_statues_l, chequers_serial_rivers_micro_d, minivault_1
D:7:      layout_layer_cave, gammafunk_temple_overflow_claw,
          lemuel_doored_altar, elyvilon_altar_4, makhleb_blood_cavern_becter,
          serial_shops, shop, uniq_maggie
D:8:      layout_loops_corners, lemuel_blue_sif_altar,
          nicolae_overflow_crystal_walls
D:9:      layout_basic, fedhas_ov_isle_minmay, uniq_maurice, uniq_erolcha
D:10:     layout_long_grid, dpeg_lair_monsters, erik_orc_2, serial_shops,
          shop_coins, uniq_erica
D:11:     layout_roguey, serial_curves, eino_curves_02, eino_curves_02,
          hangedman_fish_farm, nrook_uturn
D:12:     minmay_the_grid_octo_tiled_squarecenter_mashed
          [minmay_the_grid_octo_fan_narrow, minmay_the_grid_octo_chip,
          minmay_the_grid_octo_checkerflower, minmay_the_grid_octo_concentric,
          minmay_the_grid_square_5x5_megaprize_diamond,
          minmay_the_grid_square_5x5_n_small,
          minmay_the_grid_square_5x5_misaligned,
          minmay_the_grid_square_5x5_shuriken,
          minmay_the_grid_square_5x5_inner_v], layout_irregular_city,
          grunt_ministairs_10, uniq_rupert
D:13:     layout_basic
D:14:     layout_gridville, david_vaults_4, basic_altar, palyth_stone_intersect
D:15:     grunt_enter_depths_snipers, layout_basic,
          portal_ice_cave_entry_pillars_2, minmay_misc_feat_room, uniq_kirke
Temple:   eino_wide_crystal_templ
Lair:1:   layout_cave_pods, maelrawn_ghost_gauntlet_escape, hibernation_bobbens
Lair:2:   layout_roguey, minmay_shoals_entry_centaurs, minivault_23
Lair:3:   minmay_lair_venomous_thicket, layout_misc_corridors,
          spider_nest_entry_webs
Lair:4:   layout_cave_pods, special_room [special_room_bee],
          minmay_lair_oklob_chamber
Lair:5:   layout_cave_pods, serial_bayou_shore_a, lemuel_fruit_fields,
          lemuel_fruit_tree
Lair:6:   minmay_lair_end_enchanted_forest, layout_long_grid, slime_altar_1,
          nicolae_quartered_pool_medium, nicolae_lair_grove_arrangements,
          serial_bayou_pond_e, hangedman_lair_generics_rect
Slime:1:  layout_caves
Slime:2:  layout_caves
Slime:3:  layout_caves, basic_altar, nicolae_slime_welcoming_committee
Slime:4:  layout_caves
Slime:5
Vaults:1: vaults_dpeg_diagonal, grunt_vaults_focal, v_misc_13,
          hangedman_vaults_stretched_pinwheel, vaults_mumra_chevron,
          ontoclasm_vaults_ligature, serial_ice_g, v_misc_16,
          layout_vaults_quadrants
Vaults:2: vaults_room_grunt_arrival_checkpoint, v_misc_23,
          ontoclasm_vaults_twist, v_misc_18, vaults_dpeg_doors,
          nicolae_vaults_network_periphery, hangedman_vaults_stitches,
          ontoclasm_vaults_gallery, vaults_room_corners, hangedman_vaults_trim,
          hangedman_vaults_stretched_pinwheel, vaults_room_pool,
          ontoclasm_vaults_idyll, layout_vaults_maze_bifur,
          minmay_crypt_entry_simple_box, uniq_nikola, uniq_saint_roka
Vaults:3: v_misc_15, v_misc_11, hangedman_vaults_corner_blocks,
          nicolae_vaults_ring_of_whatevers, nicolae_vaults_what_the_h,
          v_misc_16, grunt_vaults_swirl, v_misc_14,
          nicolae_vaults_yaktaur_gun_rack, layout_vaults_chaotic_city,
          uniq_margery

Skill      XL: |  1  2  3  4  5  6  7  8  9 10 11 12 13 14 15 16 |
---------------+-------------------------------------------------+-----
Unarmed Combat | 1 3 4 5 6 8 10 11 12 13 14 15 16 | 16.4
Fighting       | 2 3 4 5 6 7 8 9 10 | 10.6
Throwing       | 4 5 6 7 8 9 10 11 12 | 12.0
Shields        | 3 4 5 6 7 8 |  8.6
Dodging        | 3 4 5 |  5.0
Armour         | 2 4 5 6 |  6.9
Translocations | 2 4 6 |  6.0
Spellcasting   | 1 2 4 |  4.0
Stealth        | |  0.3

Action                   |  1- 3 |  4- 6 |  7- 9 | 10-12 | 13-15 | 16-18 || total
-------------------------+-------+-------+-------+-------+-------+-------++-------
Melee: Unarmed           |   115 |   129 |   278 |   697 |  1446 |   169 ||  2834
       Punch             |       |       |    14 |       |       |       ||    14
       Bite              |       |       |       |       |    77 |    21 ||    98
       Pseudopods        |       |       |       |       |   130 |    39 ||   169
       Kick              |       |       |       |       |    97 |       ||    97
       Peck              |       |       |       |       |    27 |    49 ||    76
Throw: Dart              |       |    35 |    31 |     4 |     2 |       ||    72
       Throwing net      |       |     3 |     4 |     4 |     2 |       ||    13
       Large rock        |       |       |     9 |     9 |    13 |     2 ||    33
       Boomerang         |       |       |    32 |   167 |     2 |       ||   201
       Javelin           |       |       |       |     7 |     6 |     5 ||    18
 Cast: Apportation       |       |       |       |       |     5 |       ||     5
Invok: Slimify           |       |       |       |       |     7 |       ||     7
Evoke: Wand              |       |       |       |       |     9 |       ||     9
  Use: Scroll            |       |       |    14 |    16 |     7 |     1 ||    38
       Potion            |       |       |       |       |     2 |       ||     2
 Stab: Sleeping          |     2 |       |       |     2 |     1 |       ||     5
       Held in net/web   |       |       |       |     2 |       |       ||     2
       Distracted        |       |       |       |       |     1 |       ||     1
  Eat: Chunk             |    14 |    12 |    41 |    87 |    59 |       ||   213
Armor: Robe              |    43 |    42 |   108 |    40 |       |       ||   233
       Troll leather arm |       |       |       |   149 |   460 |    69 ||   678
Dodge: Dodged            |    49 |    77 |   141 |   183 |   363 |    77 ||   890
Block: Kite shield       |       |       |     3 |   494 |  1233 |   144 ||  1874
       Reflection        |       |       |       |       |    61 |     1 ||    62
       Other             |       |       |       |       |     5 |       ||     5

Table legend:
 A = Non-vault XP
 B = Vault XP
 C = Vault XP percentage of total XP
 D = Non-vault monster count
 E = Vault monster count
 F = Vault count percentage of total count
                 A         B        C        D         E       F
            +---------+---------+-------+---------+---------+-------
      Total |   93600 |   79194 |  45.8 |     521 |     274 |  34.5
            +---------+---------+-------+---------+---------+-------
        D:1 |      49 |       0 |   0.0 |      26 |       0 |   0.0
        D:2 |     228 |      37 |  14.0 |      27 |       1 |   3.6
        D:3 |     243 |     238 |  49.5 |      37 |       1 |   2.6
        D:4 |     516 |     319 |  38.2 |      25 |       5 |  16.7
        D:5 |     268 |     290 |  52.0 |      13 |       1 |   7.1
        D:6 |     939 |       0 |   0.0 |      19 |       0 |   0.0
        D:7 |    1234 |     513 |  29.4 |      25 |       3 |  10.7
        D:8 |    2101 |    1048 |  33.3 |      33 |       1 |   2.9
        D:9 |     715 |     469 |  39.6 |      13 |       1 |   7.1
       D:10 |    1435 |    5178 |  78.3 |      12 |      27 |  69.2
       D:11 |    3935 |     301 |   7.1 |      37 |       1 |   2.6
       D:12 |    3852 |    7395 |  65.8 |      29 |      31 |  51.7
       D:13 |    4893 |       0 |   0.0 |      30 |       0 |   0.0
       D:14 |    4265 |    1974 |  31.6 |      15 |       2 |  11.8
       D:15 |   17324 |    3095 |  15.2 |      42 |       9 |  17.6
     Lair:1 |    2373 |       0 |   0.0 |      11 |       0 |   0.0
     Lair:2 |    2799 |     346 |  11.0 |      14 |       3 |  17.6
     Lair:3 |    3295 |    1061 |  24.4 |      16 |      10 |  38.5
     Lair:4 |    1833 |    2635 |  59.0 |      10 |      25 |  71.4
     Lair:5 |    6097 |    2165 |  26.2 |      26 |       3 |  10.3
     Lair:6 |    4105 |   11669 |  74.0 |      16 |      57 |  78.1
   Vaults:1 |   13829 |     741 |   5.1 |      19 |       3 |  13.6
   Vaults:2 |    6217 |   26817 |  81.2 |      10 |      35 |  77.8
   Vaults:3 |       0 |     982 | 100.0 |       0 |       3 | 100.0
    Abyss:3 |   10290 |       0 |   0.0 |      15 |       0 |   0.0
    Abyss:4 |     765 |       0 |   0.0 |       1 |       0 |   0.0
      IceCv |       0 |   11921 | 100.0 |       0 |      52 | 100.0
            +---------+---------+-------+---------+---------+-------
